 Dungeon Sprint DCSS version 0.29.1-15-g9cfb28693d (webtiles) character file.

Game seed: 9917516352794114995

1514 Groucho the Epochal (level 8, 0/82 HPs)
             Began as a Naga Fighter on Apr 30, 2023.
             Was an Elder of Cheibriados.
             Slain by Xiheucki the pandemonium lord (35 damage)
             ... in the Dungeon (Sprint V: "Ziggurat Sprint").
             The game lasted 00:04:01 (352 turns).

Groucho the Epochal (Naga Fighter)                   Turns: 352, Time: 00:04:02

Health: 0/82       AC: 25    Str: 40    XL:     8   Next: 83%
Magic:  4/14       EV:  4    Int: 19    God:    Cheibriados [****..]
Gold:   0          SH: 30    Dex: 23    Spells: 7/7 levels left

rFire   . . .      SeeInvis +   a - +6 shillelagh "Devastator" {shatter}
rCold   . . .      Faith    .   c - +18 shield of the Gong {rElec rN+ Will+ EV-5}
rNeg    + . .      Spirit   .   b - +15 Maxwell's patent armour {-Cast -Tele rElec Will+ rCorr}
rPois   +          Reflect  .   (no helmet)
rElec   +          Harm     .   (no cloak)
rCorr   +          Rampage  .   (no gloves)
Will    +++..      NoTele   +   (no barding)
Stlth   .......... NoCast   +   (no amulet)
HPRegen 0.23/turn               p - +6 ring of strength
MPRegen 0.14/turn               q - +6 ring of strength

@: very slow
A: AC +2, large, see invisible, deformed body, poison resistance, slowness 2,
spit poison 1, naga tail 1
a: Spit Poison, Renounce Religion, Bend Time, Temporal Distortion, Slouch


You were in the Dungeon.
You worshipped Cheibriados.
Cheibriados was greatly pleased with you.
You visited 1 branch

Inventory:

Hand Weapons
 a - the +6 shillelagh "Devastator" (weapon) {shatter}
   (You found it in the Dungeon)

   It releases a powerful concussive burst when it strikes, dealing extra damage
   to the target and all other foes adjacent to them.
 C - a +5 hand crossbow
 D - a +5 sling
Missiles
 F - a throwing net
Armour
 b - the +15 Maxwell's patent armour (worn) {-Cast -Tele rElec Will+ rCorr}
   (You found it in the Dungeon)

   rElec:     It insulates you from electricity.
   -Cast:     It prevents spellcasting.
   -Tele:     It prevents most forms of teleportation.
   rCorr:     It protects you from acid and corrosion.
   Will:      It increases your willpower.
 c - the +18 shield of the Gong (worn) {rElec rN+ Will+ EV-5}
   (You found it in the Dungeon)

   It is deafeningly noisy when blocking attacks.
   EV:        It affects your evasion (-5).
   rElec:     It insulates you from electricity.
   rN:        It protects you from negative energy.
   Will:      It increases your willpower.
 B - +5 gold dragon scales
 E - a +3 tower shield
Jewellery
 k - a ring of flight
 l - a +6 ring of dexterity
 m - a +6 ring of dexterity
 n - a +6 ring of intelligence
 o - a +6 ring of intelligence
 p - a +6 ring of strength (left hand)
 q - a +6 ring of strength (right hand)
Wands
 r - a wand of mindburst (7)
 s - a wand of light (7)
Scrolls
 j - 4 scrolls of blinking
 x - 4 scrolls of amnesia
 y - 7 scrolls of butterflies
 z - 5 scrolls of identify
 A - 2 scrolls of fear
 G - a scroll of brand weapon
Potions
 d - 6 potions of might
 e - 10 potions of curing
 f - 5 potions of heal wounds
 g - 6 potions of haste
 h - 7 potions of magic
 i - 3 potions of berserk rage
 t - 2 potions of brilliance
 u - 2 potions of invisibility
 v - 4 potions of resistance
 w - a potion of experience


   Skills:
 + Level 8.3 Fighting
 + Level 8.1 Maces & Flails
 + Level 1.1 Ranged Weapons
 + Level 7.1 Armour
 + Level 6.3 Dodging
 + Level 7.7 Shields
 + Level 8.4 Invocations
 + Level 1.2 Evocations


You had 7 spell levels left.
You didn't know any spells.
Your spell library contained the following spells:

 Spells                   Type           Power      Damage    Failure   Level
 Apportation              Tloc           0%         N/A       91%         1
 Sting                    Tmut/Pois      0%         1d3       91%         1
 Dazzling Flash           Conj/Hex       0%         N/A       99%         3
 Lesser Beckoning         Tloc           0%         N/A       99%         3
 Iskenderun's Mystic Bla  Conj/Tloc      0%         2d3       100%        4
 Alistair's Intoxication  Tmut/Pois      0%         N/A       100%        5
 Starburst                Conj/Fire      0%         6d3       100%        6
 Statue Form              Tmut/Erth      0%         N/A       100%        6
 Dragon Form              Tmut           0%         N/A       100%        7
 Malign Gateway           Summ/Tloc      0%         N/A       100%        7
 Necromutation            Tmut/Necr      0%         N/A       100%        8


Dungeon Overview and Level Annotations

Branches:
Dungeon (1/1)

Altars:
Ashenzari
Cheibriados
Dithmenos
Elyvilon
Fedhas
Gozag
Hepliaklqana
Kikubaaqudgha
Makhleb
Nemelex Xobeh
Okawaru
Qazlal
Ru
Sif Muna
Trog
Uskayaw
Vehumet
Wu Jian
Xom
Yredelemnul
Zin
The Shining One
Jiyva
Lugonu

Annotations:
D 1 transporter


Innate Abilities, Weirdness & Mutations

Your serpentine skin is tough. (AC +2)
You have supernaturally acute eyesight. (SInv)
Armour fits poorly on your strangely shaped body.
Your system is resistant to poisons. (rPois)
You cover ground very slowly.
You can spit poison.
You have a snake-like lower body.


Message History

GONNNNG!
The golden dragon tramples you but does no damage.
Your Maces & Flails skill increases to level 8!
Unknown command.
Unknown command.
Activating: Slouch (5% risk of failure)
Press: ? - help, Dir - look around, f - activate You can feel time thicken for a moment.
You kill the neqoxec!
Cheibriados appreciates the change of pace.
You can now step out of the flow of time.
Cheibriados raises the support of your attributes as your movement slows.
You can no longer step out of the flow of time.
Cheibriados lowers the support of your attributes as your movement quickens.
Xiheucki hits you but does no damage. You block Xiheucki's attack.
GONNNNG!
The golden dragon breathes fire at you. The bolt of fire hits you!!!
Ouch! That really hurt!
* * * LOW HITPOINT WARNING * * *
Iqeyr gestures.
Iqeyr seems to speed up.
Your Ranged Weapons skill increases to level 1!
Your Evocations skill increases to level 1!
You feel much better. You block Xiheucki's attack.
GONNNNG!
You block Iqeyr's attack.
GONNNNG!
The golden dragon bites you!
* * * LOW HITPOINT WARNING * * *
The golden dragon claws you.
* * * LOW HITPOINT WARNING * * *
The golden dragon tramples you but does no damage.
You feel much better. You block Xiheucki's attack.
GONNNNG!
Iqeyr sneers, "Submit, thou unhinged spleeny scut!"
You block Iqeyr's attack.
BOUMMMMG!
Xiheucki hits you!!
You die...

▓..©..▓..©).▓▓▓▓▓▓▓
▓▓▓▓▓▓▓▓▓▓▓▓▓▓▓▓▓▓▓
▓..8©8...▓..8©8...▓
▓..).....▓..)[)...▓
▓........▓..|.)...▓
▓........▓........▓
▓........▓........▓
▓.▓†)†.▓.▓.▓&&..▓.▓
▓...©....▓...@D...▓
▓▓▓▓▓▓▓▓▓▓▓▓▓▓▓▓▓▓▓


You could see Iqeyr (fast), Xiheucki and a golden dragon (summoned, catching
breath).

Vanquished Creatures
  4 merfolk (D)
  A spriggan (D)
  A neqoxec (D)
  3 black bears (D)
  A crimson imp (D)
  2 iron imps (D)
  2 orc wizards (D)
  A shadow imp (D)
  An orc (D)
16 creatures vanquished.

Notes
Turn   | Place    | Note
-------+----------+-------------------------------------------
     0 | D        | Groucho the Naga Fighter began the quest for the Orb.
     0 | D        | Reached XP level 1. HP: 21/21 MP: 1/1
     5 | D        | Banished a spatial maelstrom
    13 | D        | Found a blossoming altar of Fedhas.
    13 | D        | Found the +6 Majin-Bo {vamp, MP+6 Int+6}
    13 | D        | Found the +9 heavy crossbow "Sniper" {vorpal, Acc+∞ SInv}
    13 | D        | Found the +10 dark maul {vorpal}
    13 | D        | Found the +15 Maxwell's patent armour {-Cast -Tele rElec
                  | Will+ rCorr}
    13 | D        | Found the +18 shield of the Gong {rElec rN+ Will+ EV-5}
    13 | D        | Found the +14 obsidian axe {vorpal, Mesm Drain Fly SInv}
    13 | D        | Found the +7 great mace "Firestarter" {inner flame, rF++}
    13 | D        | Found the +6 shillelagh "Devastator" {shatter}
    13 | D        | Found the +11 plutonium sword {Contam Stlth-}
    13 | D        | Found the +8 lance "Wyrmbane" {slay drac, rPois rF+ rC+
                  | AC+3}
    13 | D        | Found the +9 sword of Zonguldrok {reap}
    13 | D        | Found the +13 scythe of Curses {drain, Drain}
    13 | D        | Found the +5 sword of Power {vorpal}
    13 | D        | Found the +7 mace of Variability {chain chaos}
    13 | D        | Found the +7 Singing Sword {vorpal, sonic wave}
    13 | D        | Found the +8 storm bow {elec, penet}
    14 | D        | Found a transporter.
    14 | D        | Found a viscous altar of Jiyva.
    14 | D        | Found an ancient bone altar of Kikubaaqudgha.
    14 | D        | Found a hazy altar of Hepliaklqana.
    14 | D        | Found a corrupted altar of Lugonu.
    14 | D        | Found an opulent altar of Gozag.
    14 | D        | Found a burning altar of Makhleb.
    18 | D        | Found a stormy altar of Qazlal.
    18 | D        | Found an iron altar of Okawaru.
    18 | D        | Found a sacrificial altar of Ru.
    18 | D        | Found a sparkling altar of Nemelex Xobeh.
    18 | D        | Found a shimmering blue altar of Sif Muna.
    18 | D        | Found a bloodstained altar of Trog.
    72 | D        | Became a worshipper of Cheibriados the Contemplative
   129 | D        | Entered arena 2.
   129 | D        | Noticed a crimson imp
   129 | D        | Found a transporter.
   133 | D        | Reached skill level 1 in Dodging
   133 | D        | Reached skill level 1 in Invocations
   133 | D        | Reached XP level 2. HP: 28/28 MP: 2/2
   134 | D        | Killed a crimson imp
   135 | D        | Reached XP level 3. HP: 36/36 MP: 2/4
   139 | D        | Got Kishuz's Lessons on Transmigration
   252 | D        | Entered arena 3.
   252 | D        | Found a transporter.
   261 | D        | Reached * piety under Cheibriados
   261 | D        | Reached ** piety under Cheibriados
   262 | D        | Reached XP level 4. HP: 45/45 MP: 4/6
   274 | D        | Entered arena 4.
   274 | D        | Found the dreamshard necklace {*Dream Drain}
   274 | D        | Noticed a merfolk
   274 | D        | Noticed a merfolk
   274 | D        | Noticed a merfolk
   274 | D        | Noticed a merfolk
   274 | D        | Found a transporter.
   281 | D        | Killed a merfolk
   282 | D        | Reached skill level 5 in Maces & Flails
   282 | D        | Reached skill level 5 in Armour
   282 | D        | Reached skill level 5 in Shields
   282 | D        | Reached skill level 5 in Invocations
   282 | D        | Reached XP level 5. HP: 49/55 MP: 4/9
   282 | D        | Reached XP level 6. HP: 55/62 MP: 4/10
   287 | D        | Killed a merfolk
   287 | D        | Killed a merfolk
   287 | D        | Reached *** piety under Cheibriados
   288 | D        | Reached skill level 5 in Dodging
   288 | D        | Reached XP level 7. HP: 62/72 MP: 5/12
   290 | D        | Killed a merfolk
   291 | D        | Reached XP level 8. HP: 68/81 MP: 5/13
   329 | D        | Entered arena 5.
   329 | D        | Noticed a spriggan
   329 | D        | Found a transporter.
   333 | D        | Reached **** piety under Cheibriados
   335 | D        | Killed a spriggan
   336 | D        | Reached ***** piety under Cheibriados
   343 | D        | Got the Compilation of Planar Forms
   348 | D        | Entered arena 6.
   348 | D        | Noticed Iqeyr the pandemonium lord
   348 | D        | Noticed Xiheucki the pandemonium lord
   348 | D        | Found a transporter.
   349 | D        | Noticed a golden dragon
   351 | D        | Reached skill level 1 in Ranged Weapons
   351 | D        | Reached skill level 1 in Evocations
   352 | D        | Slain by Xiheucki the pandemonium lord

Illustrated notes

Levels and vault maps discovered:
D:        sprint_v [room_start, room_1, room_2, room_3, room_4, room_5, room_6,
          room_7, room_8, room_9, room_10, room_11, room_12, room_13, room_14,
          room_15, room_16, room_17, room_18, room_19, room_20, room_21,
          room_22, room_23, room_24, room_25, room_26, room_27]

Skill      XL: |  1  2  3  4  5  6  7  8 |
---------------+-------------------------+-----
Dodging        | 1 2 4 5 6 |  6.3
Shields        | 3 4 5 6 7 |  7.7
Invocations    | 1 2 3 5 7 8 |  8.4
Fighting       | 4 6 7 8 |  8.3
Maces & Flails | 3 5 7 8 |  8.1
Armour         | 3 5 6 7 |  7.1
Ranged Weapons | 1 |  1.1
Evocations     | 1 |  1.2

Action                   |  1- 3 |  4- 6 |  7- 9 || total
-------------------------+-------+-------+-------++-------
Melee: Shillelagh        |    10 |     4 |     9 ||    23
Invok: Bend Time         |       |     1 |       ||     1
       Slouch            |       |       |     2 ||     2
  Use: Potion            |       |     3 |     2 ||     5
Armor: Plate armour      |     5 |    15 |    11 ||    31
Dodge: Dodged            |       |     2 |       ||     2
Block: Kite shield       |    16 |    30 |    17 ||    63
